 Dungeon Crawl Stone Soup version 0.28-a0-792-g75f770b44e (webtiles) character file.

Game seed: 16445370048710316243

990 Lemonice the Sneak (level 8, 0/51 HPs)
             Began as an Octopode Earth Elementalist on Nov 3, 2021.
             Slain by an ice beast (14 damage)
             ... on level 5 of the Dungeon.
             The game lasted 00:09:40 (6123 turns).

Lemonice the Sneak (Octopode Earth Elementalist)    Turns: 6123, Time: 00:09:41

Health: 0/51       AC:  1    Str: 15    XL:     8   Next: 18%
Magic:  11/11      EV: 15    Int: 17    God:
Gold:   106        SH:  5    Dex: 13    Spells: 7/11 levels left

rFire   . . .      SeeInvis .   a - +0 dagger
rCold   . . .      Faith    .   i - +0 buckler
rNeg    . . .      Spirit   .   (helmet restricted)
rPois   .          Reflect  .   (no amulet)
rElec   .          Harm     .   k - +6 ring of strength
rCorr   .          Rampage  .   (no ring)
Will    .....                   (no ring)
Stlth   ++++......              (no ring)
HPRegen 0.17/turn               (no ring)
MPRegen 0.12/turn               (no ring)
                                (no ring)
                                (no ring)

@: no status effects
A: almost no armour, amphibious, 8 rings, camouflage 1, gelatinous body 1,
(nimble swimmer 1), tentacles
a: no special abilities


You were on level 5 of the Dungeon.
You visited 1 branch of the dungeon, and saw 5 of its levels.

You collected 220 gold pieces.
You spent 114 gold pieces at shops.

Inventory:

Hand Weapons
 a - a +0 dagger (weapon)
 q - a +0 rapier
Missiles
 b - 184 stones
Armour
 i - a +0 buckler (worn)
Jewellery
 k - a +6 ring of strength (left tentacle)
Wands
 n - a wand of iceblast (6)
Scrolls
 d - a scroll of holy word {unknown}
 e - a scroll of magic mapping {unknown}
 f - 2 scrolls of identify {unknown}
 o - a scroll of enchant armour {unknown}
 r - a scroll of brand weapon {unknown}
 s - 4 scrolls of teleportation {unknown}
Potions
 c - a potion of attraction {unknown}
 g - 2 potions of lignification {unknown}
 h - a potion of cancellation {unknown}
 j - a potion of haste {unknown}
 l - a potion of curing
 m - 2 potions of ambrosia {unknown}
 p - 3 potions of heal wounds {unknown}
 t - a potion of magic {unknown}


   Skills:
 - Level 2.7 Fighting
 + Level 3.0 Short Blades
 * Level 5.7 Dodging
 + Level 6.1 Stealth
 * Level 4.2 Shields
 - Level 2.0 Spellcasting
 - Level 1.0 Transmutations
 - Level 3.0 Earth Magic


You had 7 spell levels left.
You knew the following spells:

 Your Spells              Type           Power      Damage    Failure   Level
a - Sandblast             Erth           22%        2d7       5%          1
b - Stone Arrow           Conj/Erth      12%        3d7       30%         3

Your spell library contained the following spells:

 Spells                   Type           Power      Damage    Failure   Level
 Passwall                 Tmut/Erth      6%         N/A       13%         2
 Corpse Rot               Necr/Air       2%         N/A       28%         2
 Poisonous Vapours        Pois/Air       2%         N/A       28%         2
 Petrify                  Tmut/Erth      8%         N/A       63%         4


Dungeon Overview and Level Annotations

Branches:
Dungeon (5/15)
 Temple: D:4-7

Altars:
Ashenzari
Fedhas
Hepliaklqana
Uskayaw
Vehumet
Wu Jian
Xom
The Shining One

Shops:
D:1 [   D:2 [[!   D:3 *

Annotations:
D:3 exclusion: statue


Innate Abilities, Weirdness & Mutations

You cannot wear most types of armour.
You are amphibious.
You can wear up to eight rings at the same time.
Your skin changes colour to match your surroundings (Stealth+).
Your rubbery body absorbs attacks. (AC +1, EV +1)
((You are camouflaged near water. (Stealth+)))
You have tentacles for arms and can constrict up to eight enemies at once.


Message History

What level of the Dungeon? (default 1, ? - help)
There is a stone staircase leading down here.
You climb downwards.
Found a stone staircase leading up.
There is a stone staircase leading up here.
An ice beast is nearby!
You closely miss the ice beast. You hit the ice beast.
You squeeze the ice beast, but do no damage.
The ice beast is lightly wounded.
You block the ice beast's attack.
You hit the ice beast but do no damage. Your squeeze misses the ice beast.
The ice beast is lightly wounded.
You block the ice beast's attack.
You closely miss the ice beast.
The ice beast is lightly wounded.
The ice beast misses you.
You hit the ice beast but do no damage.
The ice beast is lightly wounded.
You hit the ice beast but do no damage.
The ice beast is lightly wounded.
The ice beast hits you. The ice beast freezes you!
You closely miss the ice beast.
The ice beast is lightly wounded.
The ice beast completely misses you.
You closely miss the ice beast.
The ice beast is lightly wounded.
The ice beast hits you. The ice beast freezes you.
You hit the ice beast but do no damage. You squeeze the ice beast.
The ice beast is lightly wounded.
The ice beast barely misses you.
You hit the ice beast.
You squeeze the ice beast, but do no damage.
The ice beast is moderately wounded.
The ice beast hits you. The ice beast freezes you!
There is a stone staircase leading up here.
The ice beast hits you.
* * * LOW HITPOINT WARNING * * *
The ice beast freezes you!
You die... # #.########## #..@Y.....<# ##########...

You could see an ice beast.

Vanquished Creatures
  Grinder (D:3)
  Sigmund (D:3)
  An ice beast (D:4)
  A kobold brigand (D:4)
  A scorpion (D:4)
  A jelly (D:4)
  An orc priest (D:3)
  Crazy Yiuf (D:3)
  2 hounds
  Jessica (D:3)
  Ijyb (D:2)
  Terence (D:2)
  7 gnolls
  2 adders
  A white imp (D:4)
  An adder skeleton (D:4)
  2 worms
  5 dart slugs
  4 orcs
  7 ball pythons
  7 bats
  12 endoplasms
  3 giant cockroaches
  8 goblins
  5 hobgoblins
  12 jackals
  6 quokkas
  2 frilled lizards
  5 kobolds
  3 rats (D:1)
105 creatures vanquished.

Vanquished Creatures (others)
  A fungus (D:3)
1 creature vanquished.

Grand Total: 106 creatures vanquished

Notes
Turn   | Place    | Note
-------+----------+-------------------------------------------
     0 | D:1      | Lemonice the Octopode Earth Elementalist began the quest
                  | for the Orb.
     0 | D:1      | Reached XP level 1. HP: 11/11 MP: 3/3
   325 | D:1      | Found a faded altar of an unknown god.
   331 | D:1      | Reached XP level 2. HP: 18/18 MP: 5/5
   401 | D:1      | Reached skill level 1 in Fighting
   401 | D:1      | Reached skill level 3 in Stealth
   769 | D:1      | Reached XP level 3. HP: 23/23 MP: 6/6
   770 | D:1      | Found Virhaid's Antique Armour Boutique.
  1685 | D:2      | Noticed Terence
  1694 | D:2      | Reached XP level 4. HP: 29/29 MP: 7/7
  1701 | D:2      | Killed Terence
  1820 | D:2      | Found a blossoming altar of Fedhas.
  1881 | D:2      | Found Openaz Uruop's Antique Armour Emporium.
  1936 | D:2      | Reached skill level 4 in Stealth
  1936 | D:2      | Reached XP level 5. HP: 27/35 MP: 2/8
  2022 | D:2      | Bought a buckler for 81 gold pieces
  2092 | D:2      | Found Hoehog's Armour Shoppe.
  2206 | D:2      | Found Foluxi's Distillery.
  2226 | D:2      | Bought a potion of curing for 33 gold pieces
  2575 | D:3      | Noticed Ijyb
  2578 | D:3      | Noticed Sigmund
  2656 | D:3      | Noticed Grinder
  2756 | D:3      | Killed Grinder
  2757 | D:3      | Reached skill level 1 in Short Blades
  2757 | D:3      | Reached XP level 6. HP: 16/41 MP: 3/9
  2768 | D:2      | Killed Ijyb
  3335 | D:3      | Found an ornate altar of the Wu Jian Council.
  3414 | D:2      | Learned a level 3 spell: Stone Arrow
  3471 | D:3      | Found Acoatruwn's Assorted Antiques.
  3482 | D:3      | Noticed Jessica
  3494 | D:3      | Killed Jessica
  3495 | D:3      | Reached skill level 5 in Stealth
  3495 | D:3      | Reached XP level 7. HP: 24/45 MP: 10/10
  3670 | D:3      | Killed Sigmund
  3834 | D:3      | Found a radiant altar of Vehumet.
  3938 | D:3      | Reached skill level 5 in Dodging
  4063 | D:3      | Found a runed translucent door.
  4064 | D:3      | Noticed Crazy Yiuf
  4233 | D:3      | Killed Crazy Yiuf
  5072 | D:4      | Found a broken altar of Ashenzari.
  5072 | D:4      | Found a hazy altar of Hepliaklqana.
  5077 | D:4      | Found a shimmering altar of Xom.
  5079 | D:4      | Found a hide-covered altar of Uskayaw.
  5080 | D:4      | Found a glowing golden altar of the Shining One.
  5399 | D:4      | Reached XP level 8. HP: 39/51 MP: 11/11
  5699 | D:4      | Reached skill level 6 in Stealth
  6108 | D:5      | Entered Level 5 of the Dungeon
  6123 | D:5      | Slain by an ice beast

Illustrated notes

Levels and vault maps discovered:
D:1:      heliophobic_arrival_dark_side_of_the_moon, layout_loops_ring,
          hellmonk_ecumenical_altar_slurped_away, serial_shops, shop,
          minivault_24
D:2:      layout_loops_ring, serial_shops, nicolae_square_shop,
          nicolae_shop_window_shopping,
          nicolae_shop_temple_entry_statues_fountains, basic_altar, uniq_terence
D:3:      minmay_chambers_of_twos, layout_rooms, vehumet_statue,
          nicolae_wu_jian_wuxing_cycle, serial_shops, shop, uniq_sigmund,
          uniq_crazy_yiuf_cottage, uniq_ijyb, uniq_jessica, uniq_grinder
D:4:      layout_loops_ring, chequers_temple_overflow_minitemple
D:5:      layout_loops_ring

Skill      XL: |  1  2  3  4  5  6  7  8 |
---------------+-------------------------+-----
Fighting       | 1 2 |  2.7
Stealth        | 3 4 5 6 |  6.1
Dodging        | 3 4 5 |  5.7
Short Blades   | 1 2 3 |  3.0
Shields        | 2 3 4 |  4.2
Spellcasting   | |  2.0
Transmutations | |  1.0
Earth Magic    | |  3.0

Action                   |  1- 3 |  4- 6 |  7- 9 || total
-------------------------+-------+-------+-------++-------
Melee: Dagger            |    81 |   101 |   129 ||   311
       Constrict         |    22 |    18 |    21 ||    61
       Tentacles         |    15 |    22 |    29 ||    66
 Cast: Sandblast         |       |    15 |     7 ||    22
 Stab: Sleeping          |    14 |     3 |    12 ||    29
       Distracted        |       |     1 |     1 ||     2
Armor: Skin              |     5 |     8 |     7 ||    20
Dodge: Dodged            |    42 |    66 |    61 ||   169
Block: Buckler           |       |    13 |    15 ||    28

Table legend: (Time is in decaauts)
 A = Elapsed time spent in this place.
 B = Non-inter-level travel time spent in this place.
 C = Inter-level travel time spent in this place.
 D = Time resting spent in this place.
 E = Time spent auto-exploring this place.
 F = Levels seen in this place.
 G = Mean time per level.
                   A        B        C        D        E       F      G
               +--------+--------+--------+--------+--------+-----+--------+
         Total |   6115 |   5925 |    190 |      0 |   4820 |   5 | 1223.0 |
       Dungeon |   6115 |   5925 |    190 |      0 |   4820 |   5 | 1223.0 |
               +--------+--------+--------+--------+--------+-----+--------+

Top non-repeatable levels by time:
     D:2: 1775 daAuts
     D:4: 1563 daAuts
     D:1: 1494 daAuts
     D:3: 1268 daAuts
     D:5: 12 daAuts
